 Dungeon Crawl Stone Soup version 0.30-a0-696-g2367cd04db (webtiles) character file.

Game seed: 727151284398977810

1519 holysushi the Cutter (level 8, -7/43 HPs)
             Began as a Vine Stalker Monk on Jan 21, 2023.
             Was a Priest of Wu Jian.
             Mangled by a hornet (13 damage)
             ... on level 5 of the Dungeon.
             The game lasted 00:06:29 (3620 turns).

holysushi the Cutter (Vine Stalker Monk)            Turns: 3620, Time: 00:06:29

Health: -7/43      AC:  3    Str: 14    XL:     8   Next: 84%
Magic:  0/14       EV: 15    Int: 10    God:    Wu Jian [***...]
Gold:   217        SH:  0    Dex: 19    Spells: 13/13 levels left

rFire   . . .      SeeInvis +    i - +0 rapier (elec)
rCold   . . .      Faith    .    (no shield)
rNeg    . . .      Spirit   +    b - +0 robe
rPois   .          Reflect  .    (no helmet)
rElec   .          Harm     .    o - +0 cloak
rCorr   .          Rampage  .    (no gloves)
Will    +....                    (no boots)
Stlth   ++                       (no amulet)
HPRegen 1.07/turn                g - ring of see invisible
MPRegen 0.14/turn                (no ring)

@: lethally poisoned (-7 -> -13), slowed, very slow
A: fangs 3, regeneration 1, magic shield, antimagic bite, no potion heal 2
a: Renounce Religion, Wall Jump, Serpent's Lash


You were on level 5 of the Dungeon.
You worshipped Wu Jian.
Wu Jian was most pleased with you.
You visited 1 branch of the dungeon, and saw 5 of its levels.

You collected 217 gold pieces.

Inventory:

Hand Weapons
 a - a +0 short sword
 i - a +0 rapier of electrocution (weapon)
Missiles
 e - a throwing net (quivered)
Armour
 b - a +0 robe (worn)
 o - a +0 cloak (worn)
Jewellery
 g - a ring of see invisible (left hand)
 l - a +6 ring of strength
Scrolls
 h - 4 scrolls of teleportation
Potions
 c - 2 potions of ambrosia
 d - a potion of flight
 f - 2 potions of curing
 j - a potion of brilliance {unknown}
 k - a potion of mutation {unknown}
 m - 2 potions of heal wounds
 n - a potion of degeneration {unknown}


   Skills:
 - Level 5.0 Fighting
 + Level 7.2 Short Blades
 - Level 5.0 Dodging
 - Level 2.4 Stealth
 - Level 3.4 Spellcasting


You had 13 spell levels left.
You didn't know any spells.
Your spell library contained the following spells:

 Spells                   Type           Power      Damage    Failure   Level
 Gell's Gravitas          Tloc           1%         N/A       63%         3
 Teleport Other           Tloc           1%         N/A       63%         3
 Dispersal                Tloc           0%         N/A       100%        6


Dungeon Overview and Level Annotations

Branches:
Dungeon (5/15) Zot: 26456
 Temple: D:4-7

Altars:
Hepliaklqana
Wu Jian


Innate Abilities, Weirdness & Mutations

You have razor-sharp teeth.
Your natural rate of healing is unusually fast.
When hurt, damage is shared between your health and your magic reserves.
Your bite disrupts and absorbs the magic of your enemies.
Potions cannot restore your health.


Message History

The slug dart misses you. The hornet misses you.
You spin and attack the hornet.
You hit the hornet. You bite the hornet, but do no damage.
The hornet is lightly wounded.
The hornet barely misses you. The hornet stings you!
You are poisoned.
You feel as though you will be slow longer.
The hornet stings you.
You feel as though you will be slow longer.
Your system rejects the healing.
You feel better. The hornet barely misses you. The hornet stings you!
You feel as though you will be slow longer.
You spin and attack the hornet repeatedly.
You closely miss the hornet. Your bite misses the hornet.
The hornet is lightly wounded.
You closely miss the hornet. You bite the hornet, but do no damage.
The hornet is lightly wounded.
The hornet closely misses you. x2
You spin and attack the hornet repeatedly.
You hit the hornet. Your bite misses the hornet.
The hornet is lightly wounded.
You hit the hornet but do no damage. You bite the hornet. You drain its power.
You feel invigorated.
The hornet is lightly wounded.
The hornet misses you. The hornet stings you!
You feel as though you will be slow longer.
You spin and attack the dart slug.
You hit the dart slug.
You bite the dart slug, but do no damage.
The dart slug is lightly wounded.
You spin and attack the hornet repeatedly.
You hit the hornet.
The hornet is moderately wounded.
You hit the hornet.
The hornet is moderately wounded.
The hornet stings you!
* * * LOW HITPOINT WARNING * * *
You are lethally poisoned!
You feel as though you will be slow longer.
The hornet stings you!
You die...

#....# ##.# #.....
#.## #>...# #..#
......# #..#
....... ###..###
.......####......#
#.....#....#####
#...w....##
#...y@.###
##...### #....
#..... #.......
#/.......
..........
.......##...


You could see a hornet and a dart slug.

Vanquished Creatures
  Pikel (D:4)
  Sigmund (D:3)
  Eustachio (D:4)
  A sky beast (D:4)
  A black bear (D:4)
  2 lemures (D:4)
  3 scorpions (D:4)
  An orc priest (D:4)
  2 hounds
  Crazy Yiuf (D:4)
  An iguana (D:4)
  Natasha (thrice) (D:4)
  4 gnolls
  6 adders
  2 worms
  2 dart slugs (D:1)
  5 orcs
  8 endoplasms
  5 giant cockroaches
  5 goblins
  3 hobgoblins
  5 quokkas
  8 ball pythons
  8 bats
  3 frilled lizards
  6 kobolds
  5 rats
93 creatures vanquished.

Notes
Turn   | Place    | Note
-------+----------+-------------------------------------------
     0 | D:1      | holysushi the Vine Stalker Monk began the quest for the
                  | Orb.
     0 | D:1      | Reached XP level 1. HP: 11/11 MP: 2/2
   370 | D:1      | Reached skill level 3 in Short Blades
   380 | D:1      | Reached XP level 2. HP: 10/16 MP: 3/3
   472 | D:1      | You fall into a shaft and drop 1 floor!
   591 | D:2      | Reached XP level 3. HP: 19/19 MP: 4/4
   814 | D:2      | HP: 1/20 [poisoned by an adder]
   934 | D:2      | Gained mutation: Your natural rate of healing is unusually
                  | fast. [Vine Stalker growth]
   934 | D:2      | Reached XP level 4. HP: 24/24 MP: 3/5
  1085 | D:2      | Reached skill level 4 in Short Blades
  1673 | D:3      | Reached XP level 5. HP: 28/29 MP: 6/6
  1721 | D:3      | Found a faded altar of an unknown god.
  1730 | D:3      | Prayed at the altar of an unknown god.
  1730 | D:3      | Became a worshipper of the Wu Jian Council
  1730 | D:3      | Reached * piety under Wu Jian
  1730 | D:3      | Reached ** piety under Wu Jian
  1991 | D:3      | Found a hazy altar of Hepliaklqana.
  2052 | D:3      | Noticed Sigmund
  2067 | D:3      | Killed Sigmund
  2067 | D:3      | Reached *** piety under Wu Jian
  2068 | D:3      | Reached skill level 1 in Spellcasting
  2068 | D:3      | Reached XP level 6. HP: 19/34 MP: 3/9
  2420 | D:4      | Reached skill level 5 in Short Blades
  2475 | D:4      | Noticed a black bear
  2591 | D:4      | Noticed Pikel
  2619 | D:4      | Killed Pikel
  2620 | D:4      | Reached skill level 5 in Fighting
  2620 | D:4      | Reached XP level 7. HP: 10/39 MP: 10/12
  2731 | D:4      | Gained mutation: You have razor-sharp teeth. [Vine Stalker
                  | growth]
  2731 | D:4      | Reached XP level 8. HP: 29/43 MP: 11/14
  2858 | D:4      | Reached skill level 6 in Short Blades
  2892 | D:4      | Noticed Eustachio
  3021 | D:4      | Killed Eustachio
  3062 | D:4      | Found a runed translucent door.
  3063 | D:4      | Noticed Crazy Yiuf
  3151 | D:4      | Noticed Natasha
  3163 | D:4      | Killed Natasha
  3263 | D:4      | Reached skill level 5 in Dodging
  3469 | D:4      | Noticed Natasha
  3472 | D:4      | Killed Natasha
  3473 | D:4      | Noticed Natasha
  3477 | D:4      | Killed Natasha
  3478 | D:4      | Reached skill level 7 in Short Blades
  3542 | D:4      | Killed Crazy Yiuf
  3572 | D:5      | Entered Level 5 of the Dungeon
  3608 | D:5      | Noticed a hornet
  3620 | D:5      | Mangled by a hornet

Illustrated notes

Levels and vault maps discovered:
D:1:      dpeg_arrival_tiny_i, layout_basic
D:2:      minmay_chambers_of_twos, layout_rooms
D:3:      layout_loops_ring, worldfamousw_hep_ancestral_shrine,
          ebering_ecumenical_altar_petrified, kennysheep_generic_room_15,
          uniq_sigmund
D:4:      layout_basic, abandoned_shop, uniq_natasha, uniq_crazy_yiuf_cottage,
          uniq_pikel, uniq_eustachio
D:5:      layout_layer_cave, tgw_kikubaaqudgha, nicolae_shop_self_help

Skill      XL: |  1  2  3  4  5  6  7  8 |
---------------+-------------------------+-----
Short Blades   | 3 4 5 7 |  7.2
Fighting       | 3 4 5 |  5.0
Spellcasting   | 1 3 |  3.4
Dodging        | 3 5 |  5.0
Stealth        | |  2.4

Action                   |  1- 3 |  4- 6 |  7- 9 || total
-------------------------+-------+-------+-------++-------
Melee: Short sword       |   100 |   185 |    59 ||   344
       Bite              |    24 |    48 |    35 ||   107
       Punch             |     1 |     3 |       ||     4
       Rapier            |       |       |    63 ||    63
Invok: Whirlwind         |       |    20 |    19 ||    39
       Lunge             |       |     5 |     4 ||     9
  Use: Scroll            |       |     7 |       ||     7
       Potion            |       |     2 |     1 ||     3
 Stab: Sleeping          |     7 |     5 |     1 ||    13
       Invisible         |       |     1 |       ||     1
       Distracted        |       |       |     1 ||     1
Armor: Robe              |     9 |    17 |     7 ||    33
Dodge: Dodged            |    44 |    88 |    65 ||   197

Table legend: (Time is in decaauts)
 A = Elapsed time spent in this place.
 B = Non-inter-level travel time spent in this place.
 C = Inter-level travel time spent in this place.
 D = Time resting spent in this place.
 E = Time spent auto-exploring this place.
 F = Levels seen in this place.
 G = Mean time per level.
                   A        B        C        D        E       F      G
               +--------+--------+--------+--------+--------+-----+--------+
         Total |   3542 |   3420 |    122 |    266 |   2279 |   5 |  708.4 |
       Dungeon |   3542 |   3420 |    122 |    266 |   2279 |   5 |  708.4 |
               +--------+--------+--------+--------+--------+-----+--------+

Top non-repeatable levels by time:
     D:4: 1055 daAuts
     D:3: 955 daAuts
     D:1: 777 daAuts
     D:2: 704 daAuts
     D:5: 49 daAuts
